AoeStats
← slickbick

Arabia

509927675Analyzed
1v1 RM · 2d ago on Sep 28, 2026· 40m 0s· 2 players
Game mode
Random Map
Map size
Tiny (2 player)
Population
200
Speed
Normal
Resources
Standard
Victory
Conquest
Starting age
Dark Age
Ending age
Imperial Age
RankedLock teamsTeams togetherTeam positionsShared explorationLock speedFull tech treeHidden civsTurbo modeCheats
Victory
Defeat
🇺🇸 Ethiopians · United States
1044
+15
🇺🇸 Ethiopians · United States
1018
-15
osteor10
7:34 Loom
10:38 Feudal Age
17:09 Castle Age
15:25 Double-Bit Axe
19:50 Wheelbarrow
21:23 Forging
21:26 Squires
31:43 Imperial Age
33:16 Husbandry
33:05 Cavalier
39:32 Scale Barding Armor
slickbick
5:53 Loom
9:36 Feudal Age
10:16 Double-Bit Axe
12:24 Horse Collar
16:27 Fletching
20:37 Wheelbarrow
22:03 Castle Age
20:42 Wheelbarrow
20:46 Padded Archer Armor
22:07 Crossbowman
22:43 Bodkin Arrow
23:04 Leather Archer Armor
23:00 Husbandry
23:59 Bow Saw
26:39 Hand Cart
26:52 Light Cavalry
29:36 Ballistics
32:57 Town Watch
37:06 Imperial Age
35:20 Scale Barding Armor
38:55 Chemistry
37:35 Heavy Camel Rider
37:46 Arbalester
Connection lost

Rejoining the realm…

Still unreachable

The connection could not be restored.

Session expired

The server has moved on; the page needs a fresh start.